 Dungeon Crawl Stone Soup version 0.25-a0-458-g6fc7858b95 (webtiles) character file.

Game seed: 1134792437093885244, levelgen mode: deterministic

53 Lugonue the Conjurer (level 3, 0/26 HPs)
             Began as a Draconian Conjurer on Feb 3, 2020.
             Succumbed to an adder's poison
             ... on level 2 of the Dungeon.
             The game lasted 00:02:27 (886 turns).

Lugonue the Conjurer (Draconian Conjurer)            Turns: 886, Time: 00:02:27

Health: 0/26       AC:  5    Str: 10    XL:     3   Next: 62%
Magic:  3/6        EV: 17    Int: 16    God:
Gold:   33         SH:  0    Dex: 16    Spells: 5/6 levels left

rFire    . . .     SeeInvis .   c - +0 whip (distort)
rCold    . . .     Gourm    .   (no shield)
rNeg     . . .     Faith    .   (armour unavailable)
rPois    .         Spirit   .   (helmet restricted)
rElec    .         Reflect  .   (no cloak)
rCorr    .         Harm     .   (no gloves)
MR       .....                  (no boots)
Stlth    +++.......             (no amulet)
HPRegen  0.08/turn              (no ring)
MPRegen  0.10/turn              (no ring)

@: agile, lethally poisoned (0 -> -1), berserk cooldown, slowed, very slow
A: unfitting armour, cold-blooded, AC +5
a: no special abilities


You were on level 2 of the Dungeon.
You were not hungry.

You visited 1 branch of the dungeon, and saw 2 of its levels.

You collected 33 gold pieces.

Inventory:

Hand Weapons
 c - a +0 whip of distortion (weapon)
Scrolls
 e - a scroll of noise
Comestibles
 b - a ration


   Skills:
 - Level 0.1 Fighting
 + Level 1.7 Maces & Flails
 - Level 1.8 Dodging
 - Level 1.9 Stealth
 - Level 2.1 Spellcasting
 - Level 4.8 Conjurations


You had 5 spell levels left.
You knew the following spells:

 Your Spells              Type           Power        Failure   Level  Hunger
a - Magic Dart            Conj           ###.         3%          1    #......

Your spell library contained the following spells:

 Spells                   Type           Power        Failure   Level  Hunger
 Searing Ray              Conj           ###...       4%          2    ###....
 Dazzling Flash           Conj/Hex       #.....       22%         3    ###....
 Fulminant Prism          Conj/Hex       #.........   58%         4    #####..
 Iskenderun's Mystic Bla  Conj/Tloc      #.......     58%         4    #####..


Dungeon Overview and Level Annotations

Branches:
Dungeon (2/15)

Altars:


Innate Abilities, Weirdness & Mutations

Your plain brown scales are hard. (AC +5)
You cannot fit into any form of body armour.
You are cold-blooded and may be slowed by cold attacks.


Message History

You aren't carrying any potions.
Unknown command.
Okay, then.
* * * LOW HITPOINT WARNING * * *
You feel sick.
* * * LOW HITPOINT WARNING * * *
You feel sick.
You open the door.
A quokka comes into view.
* * * LOW HITPOINT WARNING * * *
You feel sick.
There is an open door here.
You close the door.
* * * LOW HITPOINT WARNING * * *
You feel sick.
A goblin comes into view. It is wielding a +0 dagger.
Found 21 poisoned darts.
* * * LOW HITPOINT WARNING * * *
You feel sick.
You die...

................#
#.#+##.....#
................#
#.....######
###.............###....<...
...........................
......#.#..#.#..........g..
......#^#..#...........(#
......#+#...........#
.....#..............#
.....#..........@...# ..
.....#..........###.# .?.
.....#....#...#####+###....
##...+...'............
....##...###..........
.........##..รท.....r..
........###......#....
....... #......#....
....... #......# ...


There were no monsters in sight!

Vanquished Creatures
  A gnoll (D:1)
  An adder (D:2)
  A leopard gecko (D:1)
  3 giant cockroaches (D:1)
  4 goblins
  2 hobgoblins (D:1)
  7 bats
  2 kobolds (D:1)
  4 rats
25 creatures vanquished.

Vanquished Creatures (others)
  An adder (D:2)
1 creature vanquished.

Grand Total: 26 creatures vanquished

Notes
Turn   | Place    | Note
-------+----------+-------------------------------------------
     0 | D:1      | Lugonue the Draconian Conjurer began the quest for the Orb.
     0 | D:1      | Reached XP level 1. HP: 14/14 MP: 3/3
   216 | D:1      | Reached XP level 2. HP: 18/20 MP: 0/5
   442 | D:1      | Reached XP level 3. HP: 23/26 MP: 6/6
   836 | D:2      | Reached skill level 1 in Maces & Flails
   881 | D:2      | HP: 1/26 [poisoned by an adder]
   886 | D:2      | Succumbed to an adder's poison

Levels and vault maps discovered:
D:1:      ncdulo_wetmaze, layout_loops_ring
D:2:      layout_basic, tso_metal_star, minitemple, first_ration, uniq_jessica

Skill      XL: |  1  2  3 |
---------------+----------+-----
Maces & Flails | 1 |  1.7
Fighting       | |  0.1
Dodging        | |  1.8
Stealth        | |  1.9
Spellcasting   | |  2.1
Conjurations   | |  4.8

Action                   || total
-------------------------++-------
Melee: Unarmed           ||    28
       Tailslap          ||     8
       Whip              ||    59
 Cast: Magic Dart        ||    27
  Use: Potion            ||     2
       Scroll            ||     1
 Stab: Sleeping          ||     2
  Eat: Chunk             ||     1
Armor: Skin              ||    37
Dodge: Dodged            ||    73

Table legend:
 A = Non-vault XP
 B = Vault XP
 C = Vault XP percentage of total XP
 D = Non-vault monster count
 E = Vault monster count
 F = Vault count percentage of total count
                 A         B        C        D         E       F
            +---------+---------+-------+---------+---------+-------
      Total |      76 |       0 |   0.0 |      26 |       0 |   0.0
            +---------+---------+-------+---------+---------+-------
        D:1 |      45 |       0 |   0.0 |      19 |       0 |   0.0
        D:2 |      31 |       0 |   0.0 |       7 |       0 |   0.0
            +---------+---------+-------+---------+---------+-------
